 Dungeon Crawl Stone Soup version 0.23-a0-171-g5ae17c6 (webtiles) character file.

8386 BarneyGumball the Severer (level 11, 82/82 HPs)
             Began as a Minotaur Fighter on June 18, 2017.
             Was a Follower of Uskayaw.
             Quit the game on level 2 of the Lair of Beasts on Sept 13, 2018.
             The game lasted 00:36:46 (10008 turns).

BarneyGumball the Severer (Minotaur Fighter)       Turns: 10008, Time: 00:36:46

Health: 82/82      AC: 11    Str: 25    XL:     11   Next: 9%
Magic:  13/13      EV:  9    Int:  5    God:    Uskayaw [*.....]
Gold:   665        SH: 14    Dex: 13    Spells: 10/10 levels left

rFire    . . .     SeeInvis .   a - +1 war axe
rCold    . . .     Gourm    .   v - +2 shield
rNeg     + . .     Faith    .   C - +1 ring mail {rPois}
rPois    +         Spirit   .   (helmet restricted)
rElec    .         Reflect  .   (no cloak)
rCorr    .         Harm     .   N - +0 pair of gloves
MR       .....                  A - +0 pair of boots
Stlth    +.........             y - amulet of rage
HPRegen  0.23/turn              P - ring of positive energy
MPRegen  0.13/turn              G - +4 ring of strength

@: no status effects
A: retaliatory headbutt, horns 2, talons 1, iridescent scales 1
a: Stomp, Renounce Religion, Evoke Berserk Rage


You were on level 2 of the Lair of Beasts.
You worshipped Uskayaw.
Uskayaw was noncommittal.
You were not hungry.

You visited 3 branches of the dungeon, and saw 12 of its levels.
You also visited: Ossuary.

You collected 665 gold pieces.

Inventory:

Hand Weapons
 a - a +1 war axe (weapon)
 b - a -1 mace
Armour
 v - a +2 shield (worn)
 A - a +0 pair of boots (worn)
 C - a +1 ring mail of poison resistance (worn)
 N - a +0 pair of gloves (worn)
Jewellery
 s - an uncursed ring of flight
 y - an amulet of rage (around neck)
 G - a +4 ring of strength (right hand)
 P - a ring of positive energy (left hand)
Wands
 o - a wand of flame (30)
 J - a wand of removedness (2)
 L - a wand of removedness (26)
Scrolls
 e - 4 scrolls of amnesia
 m - 2 scrolls of teleportation
 p - 4 scrolls of remove curse
 q - 4 scrolls of identify
 r - 2 scrolls of random uselessness {unknown}
 t - a scroll of enchant armour {unknown}
 x - 2 scrolls of enchant weapon
 B - a scroll of blinking
 F - 2 scrolls of fear {unknown}
 K - 2 scrolls of fog {unknown}
 M - 4 scrolls of removedness
 O - a scroll of acquirement {unknown}
 Q - a scroll of silence {unknown}
Potions
 c - 3 potions of agility
 d - 4 potions of might
 g - a potion of mutation
 h - 7 potions of flight
 i - a potion of magic {unknown}
 k - 3 potions of cancellation
 n - 3 potions of haste
 u - 7 potions of curing
 w - 4 potions of brilliance
 z - a potion of ambrosia {unknown}
 D - 2 potions of lignification
 E - 3 potions of heal wounds
 I - a potion of invisibility {unknown}
Comestibles
 f - 6 rations
 j - 7 rations
 l - a ration
 H - 6 rations


   Skills:
 - Level 3.6 Fighting
 - Level 16.0 Axes
 - Level 3.6 Armour
 * Level 10.6 Shields
 + Level 4.3 Evocations


You had 10 spell levels left.
You didn't know any spells.
Your spell library was empty.

Dungeon Overview and Level Annotations

Branches:
Dungeon (8/15)             Temple (1/1) D:6            Lair (3/6) D:8
  Swamp: Lair:2-4    Shoals: Lair:2-4     Snake: Lair:2-4    Spider: Lair:2-4

Altars:
Ashenzari
Cheibriados
Dithmenos
Elyvilon
Fedhas
Hepliaklqana
Kikubaaqudgha
Makhleb
Nemelex Xobeh
Okawaru
Qazlal
Sif Muna
Trog
Uskayaw
Vehumet
Wu Jian
Xom
Yredelemnul
The Shining One

Shops:
D:4 }   D:6 :

Annotations:
D:4 Sigmund
D:5 1 transporter
Lair:1 exclusion: oklob plant


Innate Abilities, Weirdness & Mutations

You reflexively headbutt those who attack you in melee.
You have a pair of horns on your head.
You have sharp toenails.
You are partially covered in iridescent scales. (AC +2)


Message History

a dagger of speed; a robe; a spear
Items here: )) [[ a rapier of freezing; a robe; a short sword; a robe
Items here: )) [[ a spear; a dagger; a robe; a buckler
There is a stone staircase leading up here.
You climb upwards.
There is a stone staircase leading down here.
Welcome back, BarneyGumball the Minotaur Fighter.
Uskayaw says: Revel in the joy of movement!
Press ? for a list of commands and other information.
Welcome back, BarneyGumball the Minotaur Fighter.
Uskayaw says: Surrender yourself to the rhythm!
Press ? for a list of commands and other information.
Okay, then.
Unknown command.
Unknown command.
Unknown command.
Okay, then.
Are you sure you want to abandon this character and quit the game? (Confirm

#.......[.........##...###..##
##..........................##
#.[...........................
#.............................
##............................
#............................
#..............#####..#......
##.######...P....##P.##.......
#..#P...P..##@..##....##......
##.##...........P#....##......
##.##.......P.........##......
#...#......P#....#....##......
##..#...........#......#......
#..##......#..........##......
##.####.##.##....###..##......
#.#####...#....#.##...#......
#............................


There were no monsters in sight!

Vanquished Creatures
  Pikel (D:6)
  A black mamba (Lair:1)
  3 spiny frogs (Lair:1)
  2 rime drakes
  2 komodo dragons
  2 hornets (Lair:3)
  A troll (D:6)
  A hippogriff (Lair:1)
  6 spriggans (Lair:3)
  A yak (Lair:3)
  A hungry ghost (D:8)
  3 wargs (D:8)
  A water moccasin (Lair:1)
  A porcupine (Lair:1)
  A slave (D:6)
  An ice beast (D:8)
  A black bear (D:6)
  A phantom (D:3)
  A boggart (Lair:3)
  An ogre (D:7)
  A crocodile (Lair:1)
  A centaur (D:7)
  Blork the orc (D:6)
  2 big kobolds
  11 bullfrogs
  4 scorpions
  11 killer bees
  A howler monkey (D:7)
  An electric eel (Lair:2)
  3 crimson imps
  A hound (D:7)
  2 jellies
  2 orc priests (D:6)
  A bullfrog skeleton (D:4)
  5 orc wizards
  A centaur skeleton (D:8)
  7 worker ants
  2 big kobold zombies (Ossuary)
  A hound zombie (D:5)
  A hound skeleton (D:8)
  2 mummies (Ossuary)
  A worker ant zombie (D:3)
  Robin (D:2)
  2 howler monkey skeletons
  10 adders
  5 adder zombies
  3 worms (D:2)
  3 dart slugs (D:1)
  4 leopard geckos
  21 orcs
  4 bats
  9 giant cockroaches
  15 goblins
  9 hobgoblins
  24 jackals
  3 quokkas
  A ball python (D:4)
  6 frilled lizards
  3 gnoll zombies (Ossuary)
  6 hobgoblin zombies (Ossuary)
  A jackal skeleton (D:6)
  18 kobolds
  2 kobold zombies (Ossuary)
  A leopard gecko skeleton (D:5)
  10 orc zombies (Ossuary)
  A quokka skeleton (D:8)
  6 rats
262 creatures vanquished.

Vanquished Creatures (others)
  2 bullfrogs (D:6)
  An orc (D:6)
3 creatures vanquished.

Grand Total: 265 creatures vanquished

Notes
Turn   | Place    | Note
-------+----------+-------------------------------------------
     0 | D:1      | BarneyGumball the Minotaur Fighter began the quest for the
                  | Orb.
     0 | D:1      | Reached XP level 1. HP: 19/19 MP: 0/0
    19 | D:1      | Reached skill level 3 in Axes
   130 | D:1      | Reached XP level 2. HP: 26/26 MP: 1/1
   354 | D:1      | Reached skill level 4 in Axes
   596 | D:1      | Reached XP level 3. HP: 28/31 MP: 2/2
  1058 | D:2      | Noticed Robin
  1067 | D:2      | Killed Robin
  1067 | D:2      | Reached skill level 5 in Axes
  1096 | D:2      | Reached XP level 4. HP: 39/39 MP: 3/3
  2062 | D:3      | Reached skill level 6 in Axes
  2155 | D:3      | Noticed a phantom
  2252 | D:3      | Killed a phantom
  2252 | D:3      | Reached skill level 7 in Axes
  2252 | D:3      | Reached XP level 5. HP: 29/45 MP: 4/4
  2632 | D:3      | Found a hazy altar of Hepliaklqana.
  2632 | D:3      | Found a shadowy altar of Dithmenos.
  2724 | D:3      | Found a deep blue altar of Sif Muna.
  2815 | D:4      | Found a radiant altar of Vehumet.
  2815 | D:4      | Found an ornate altar of the Wu Jian Council.
  2887 | D:4      | Noticed Sigmund
  2948 | D:4      | Reached XP level 6. HP: 51/51 MP: 5/5
  2957 | D:4      | Found a sand-covered staircase.
  2977 | Ossuary  | Entered an ossuary
  3058 | Ossuary  | Reached skill level 8 in Axes
  3285 | D:4      | Found Tejapn's Gadget Boutique.
  3413 | D:5      | Entered Level 5 of the Dungeon
  3582 | D:5      | Reached skill level 9 in Axes
  3635 | D:5      | Reached XP level 7. HP: 55/57 MP: 6/6
  3779 | D:5      | Found a sparkling altar of Nemelex Xobeh.
  3779 | D:5      | Found a transporter.
  4010 | D:6      | Found Heusmoug's Book Boutique.
  4050 | D:6      | Reached skill level 10 in Axes
  4137 | D:6      | Noticed Blork the orc
  4153 | D:6      | Killed Blork the orc
  4175 | D:6      | Found a staircase to the Ecumenical Temple.
  4183 | Temple   | Entered the Ecumenical Temple
  4201 | Temple   | Became a worshipper of Uskayaw the Reveler
  4309 | D:6      | Reached * piety under Uskayaw
  4458 | D:6      | Noticed Pikel
  4487 | D:6      | Killed Pikel
  4487 | D:6      | Reached skill level 12 in Axes
  4487 | D:6      | Reached XP level 8. HP: 51/64 MP: 7/7
  4487 | D:6      | Reached ** piety under Uskayaw
  4601 | D:6      | Noticed a troll
  4651 | D:6      | Killed a troll
  4651 | D:6      | Reached *** piety under Uskayaw
  4861 | D:6      | Gained mutation: You are partially covered in iridescent
                  | scales. (AC +2) [potion of mutation]
  4861 | D:6      | Gained mutation: You have sharp toenails. [potion of
                  | mutation]
  5222 | D:7      | Reached skill level 5 in Shields
  5234 | D:7      | Reached skill level 13 in Axes
  5342 | D:7      | Reached XP level 9. HP: 70/70 MP: 8/8
  5489 | D:7      | Found a white marble altar of Elyvilon.
  5530 | D:7      | Reached **** piety under Uskayaw
  5535 | D:7      | Reached ***** piety under Uskayaw
  6041 | D:8      | Found a burning altar of Makhleb.
  6157 | D:8      | Found a staircase to the Lair.
  6166 | D:8      | Reached skill level 14 in Axes
  6288 | D:8      | Got a thick robe
  6299 | D:8      | Identified the +1 robe "Laul" {rN+ Str+2 Stlth-} (You found
                  | it on level 8 of the Dungeon)
  6685 | D:8      | Found a shattered altar of Ashenzari.
  6857 | Lair:1   | Entered Level 1 of the Lair of Beasts
  7083 | Lair:1   | Noticed a spiny frog
  7110 | Lair:1   | Killed a spiny frog
  7110 | Lair:1   | Reached skill level 15 in Axes
  7110 | Lair:1   | Reached XP level 10. HP: 77/77 MP: 9/9
  7215 | Lair:1   | Noticed a spiny frog
  7222 | Lair:1   | Killed a spiny frog
  7222 | Lair:1   | Reached skill level 1 in Evocations
  7405 | Lair:1   | Noticed a spiny frog
  7421 | Lair:1   | Killed a spiny frog
  7838 | Lair:1   | Noticed a black mamba
  7854 | Lair:1   | Killed a black mamba
  8091 | Lair:1   | Found a blossoming altar of Fedhas.
  8111 | Lair:1   | Noticed an oklob plant
  8616 | Lair:2   | Reached skill level 16 in Axes
  9237 | Lair:3   | Noticed a spiny frog
  9243 | Lair:3   | Noticed a spriggan rider
  9264 | Lair:3   | Reached skill level 10 in Shields
  9359 | Lair:3   | Noticed a spriggan rider
  9400 | Lair:3   | Paralysed by a hornet for 1 turns
  9408 | Lair:3   | Reached XP level 11. HP: 39/82 MP: 11/13
  9964 | Lair:3   | Noticed a six-headed hydra
  9965 | Lair:3   | Noticed a spriggan rider
 10008 | Lair:2   | Upgraded the game from 0.21-a0-70-g32e1473 to
                  | 0.21-a0-91-ga5031da
 10008 | Lair:2   | Quit the game

Vault maps used:
D:1:      roderic_chinese_lattice_arrival
D:2:      uniq_robin
D:3:      cheibrodos_helix_gallery, gammafunk_temple_overflow_statue,
          led_sif_pool, first_bread
D:4:      chequers_temple_overflow_statue_of_worship,
          nicolae_ossuary_entry_false_entrances, serial_shops,
          nicolae_shop_temple_entry_statues_fountains, uniq_sigmund, uniq_edmund
D:5:      grunt_nemelex_the_gamble
D:6:      kennysheep_big_flooded_room, minmay_temple_entry_statues_pillars,
          serial_shops, kennysheep_mini_moat, uniq_pikel, uniq_blork_the_orc
D:7:      kennysheep_steamy, elyvilon_altar_5
D:8:      nicolae_overflow_crystal_walls, lemuel_round_altar,
          erik_lair_orcish_takeover, blue_anna_alchemist
Temple:   chequers_temple_sunken
Lair:1:   tgw_fedhas, lemuel_fruit_tree
Lair:2:   infiniplex_staircase_pool
Lair:3:   kb_forest_paths
Ossuary:  ossuary_tomb_2

Skill      XL: |  1  2  3  4  5  6  7  8  9 10 |
---------------+-------------------------------+-----
Axes           | 3 4 5 7 9 12 13 15 16 | 16.0
Shields        | 5 7 10 | 10.6
Evocations     | 4 |  4.3
Fighting       | |  3.6
Armour         | |  3.6

Action                   |  1- 3 |  4- 6 |  7- 9 | 10-12 || total
-------------------------+-------+-------+-------+-------++-------
Melee: War axe           |    73 |   215 |   236 |   171 ||   695
       Headbutt          |     9 |    41 |    48 |    26 ||   124
Throw: Throwing net      |       |       |     1 |       ||     1
 Abil: Evoke Berserk Rag |       |       |     2 |     1 ||     3
  Use: Scroll            |       |     9 |    10 |       ||    19
       Potion            |       |       |     4 |       ||     4
 Stab: Paralysed         |       |       |     7 |     4 ||    11
  Eat: Chunk             |     1 |     3 |    13 |     7 ||    24
       Ration            |       |     1 |       |       ||     1
       Buggy fruit       |       |       |     1 |     3 ||     4
       Buggy jelly       |       |       |       |     1 ||     1
Armor: Scale mail        |    25 |    15 |       |       ||    40
       Ring mail         |       |    42 |    42 |    18 ||   102
Dodge: Dodged            |    17 |    46 |    55 |    23 ||   141
Block: Shield            |    17 |    98 |   117 |    79 ||   311

Table legend:
 A = Non-vault XP
 B = Vault XP
 C = Vault XP percentage of total XP
 D = Non-vault monster count
 E = Vault monster count
 F = Vault count percentage of total count
                 A         B        C        D         E       F
            +---------+---------+-------+---------+---------+-------
      Total |       0 |       0 |   N/A |       0 |       0 |  -nan
            +---------+---------+-------+---------+---------+-------
            +---------+---------+-------+---------+---------+-------
